Map: Ulrena

Players

Thot - Winner!

  • Race: Zerg Zerg
  • League: Silver

Cail

  • Race: Terran Terran
  • League: Gold

VOD

Have the link to the VOD?

Description

Time

  • Played on: Feb. 16, 2016, 5:34 p.m.
  • Length: 15:29
Show
View Real Time Build Order
Export as new Build Order

Thot Zerg - Winner!

Build Orders: Hatch First, Muta Ling Bane 

Get SALT Encoding   

  12  0:04  Drone  
  13  0:15  Overlord  
  13  0:20  Drone  
  14  0:35  Drone x2  
  16  0:55  Hatchery  
  16  0:56  Drone  
  16  1:10  Spawning Pool  
  15  1:12  Drone  
  15  1:16  Drone  
  17  1:20  Drone  
  18  1:28  Drone  
  19  1:38  Drone  
  20  1:47  Overlord  
  20  1:59  Queen  
  22  2:06  Queen  
  22  2:08  Zergling x6  
  27  2:19  Drone x2  
  29  2:28  Drone  
  29  2:29  Drone  
  31  2:41  Drone, Extractor  
  31  2:43  Drone  
  32  2:49  Queen  
  32  2:51  Overlord  
  34  2:57  Drone  
  35  3:05  Overlord  
  35  3:08  Queen  
  35  3:10  Drone  
  35  3:12  Drone x4  
  42  3:16  Drone x2  
  42  3:17  Overlord  
  44  3:29  Roach Warren, Drone  
  44  3:33  Drone  
  44  3:34  Drone  
  46  3:39  Drone  
  47  3:50  Extractor, Drone x2  
  47  3:51  Metabolic Boost  
  48  4:01  Drone x2  
  51  4:02  Drone  
  51  4:03  Drone x2  
  51  4:08  Overlord  
  53  4:20  Drone  
  53  4:21  Extractor x2  
  52  4:24  Spore Crawler, Drone  
  52  4:25  Drone  
  53  4:31  Roach  
  53  4:32  Roach x3  
  53  4:33  Baneling Nest  
  60  4:44  Hatchery  
  59  4:57  Drone  
  59  4:58  Drone x2  
  62  5:08  Zergling x12  
  68  5:14  Lair  
  68  5:19  Hatchery  
  68  5:21  Evolution Chamber, Baneling x4  
  66  5:22  Evolution Chamber  
  66  5:23  Drone  
  66  5:28  Overlord x2  
  66  5:36  Queen  
  68  5:53  Roach  
  68  5:54  Roach x6  
  82  6:10  Spore Crawler  
  80  6:14  Overlord, Drone x2  
  80  6:15  Overlord  
  82  6:23  Zerg Melee Weapons Level 1  
  82  6:24  Zerg Ground Armor Level 1  
  82  6:27  Overlord x3  
  82  6:29  Spire  
  81  6:38  Overlord x3  
  81  6:49  Centrifical Hooks  
  81  6:50  Overlord x2  
  81  6:52  Drone x2  
  81  6:53  Drone  
  85  6:54  Drone x7  
  85  6:56  Drone  
  92  7:07  Overseer  
  92  7:17  Drone x4  
  92  7:19  Drone  
  92  7:20  Extractor, Drone x3  
  92  7:21  Extractor, Drone x2  
  92  7:22  Overlord  
  99  7:23  Overlord  
  89  7:31  Drone  
  89  7:32  Drone x5  
  94  7:41  Mutalisk x2  
  94  7:42  Mutalisk  
  99  7:48  Drone x2  
  101  7:53  Spore Crawler  
  98  8:13  Zerg Flyer Weapons Level 1  
  98  8:24  Drone x3  
  98  8:25  Drone x2  
  98  8:26  Drone  
  104  8:41  Zergling x28  
  102  8:42  Zergling x2  
  113  8:55  Zergling x26  
  113  9:01  Baneling x8  
  113  9:02  Baneling x5  
  109  9:10  Zergling x14  
  109  9:12  Zerg Melee Weapons Level 2  
  109  9:13  Zerg Ground Armor Level 2  
  116  9:19  Baneling x6  
  116  9:20  Baneling  
  116  9:22  Baneling x11  
  116  9:23  Zergling x10  
  120  9:47  Drone  
  120  9:48  Drone x2  
  118  9:54  Mutalisk  
  118  9:55  Mutalisk x3  
  118  9:59  Baneling  
  126  10:00  Baneling  
  126  10:04  Hatchery  
  119  10:20  Mutalisk  
  119  10:21  Mutalisk x2  
  118  10:28  Queen x2  
  126  10:41  Baneling x2, Hatchery  
  125  10:44  Queen  
  125  10:47  Overlord  
  125  10:48  Spore Crawler, Overlord x2  
  126  10:50  Overlord x3  
  126  11:01  Zergling x14  
  126  11:02  Zergling x10  
  126  11:03  Extractor  
  105  11:19  Zergling x2  
  105  11:20  Zergling x16  
  105  11:22  Baneling x6  
  105  11:23  Baneling x6  
  105  11:24  Baneling x5  
  111  11:25  Zergling x2  
  111  11:26  Zergling x2  
  111  11:27  Baneling x5  
  111  11:28  Baneling  
  111  11:29  Mutalisk  
  111  11:30  Mutalisk, Zergling x2  
  111  11:32  Drone  
  119  11:33  Drone x2  
  121  11:42  Drone  
  122  11:50  Queen  
  122  11:51  Drone  
  122  11:53  Baneling x2  
  125  11:54  Baneling x4, Mutalisk  
  125  11:55  Mutalisk  
  129  12:10  Mutalisk  
  129  12:12  Zergling x2  
  129  12:14  Drone x2  
  134  12:19  Drone  
  134  12:22  Drone  
  136  12:23  Drone, Extractor x2  
  136  12:24  Drone x7  
  136  12:29  Mutalisk  
  142  12:30  Mutalisk x2  
  142  12:33  Drone  
  149  12:37  Drone  
  149  12:41  Queen  
  149  12:43  Drone  
  149  12:44  Extractor, Drone  
  153  13:03  Drone x2  
  153  13:04  Mutalisk, Zergling x2  
  153  13:05  Mutalisk x5, Zergling x4  
  160  13:06  Zergling x2  
  160  13:07  Zergling x18  
  160  13:09  Baneling  
  160  13:10  Baneling x4  
  180  13:17  Spore Crawler  
  179  13:22  Spore Crawler x2, Drone x4  
  181  13:32  Baneling x2  
  181  13:33  Zergling x4  
  181  13:34  Zergling x4  
  185  13:35  Baneling x3  
  185  13:36  Baneling x2  
  185  13:39  Hatchery  
  157  13:58  Zergling x2  
  157  13:59  Zergling x40  
  156  14:13  Zergling x2  
  156  14:14  Zergling x24  
  168  14:19  Baneling x2  
  168  14:20  Baneling x9  
  168  14:21  Baneling x2  
  167  14:33  Baneling x7  
  167  14:34  Baneling x15  
  167  14:45  Infestation Pit  
  167  14:46  Drone x3  
  167  14:48  Drone x3  
  172  14:55  Drone  
  173  15:03  Drone  
  159  15:17  Extractor  
  159  15:18  Extractor  
  159  15:19  Spore Crawler  
Show
View Real Time Build Order
Export as new Build Order

Cail Terran 

Build Orders: Reaper Expand 

Get SALT Encoding   

  12  0:01  SCV  
  13  0:13  SCV  
  14  0:18  Supply Depot  
  14  0:25  SCV  
  15  0:40  SCV, Barracks  
  16  0:46  Refinery  
  16  0:52  SCV  
  17  1:04  SCV  
  18  1:16  SCV  
  19  1:34  Reaper  
  19  1:36  Supply Depot  
  20  1:40  Orbital Command  
  20  2:05  SCV, Command Center  
  21  2:10  Factory  
  21  2:16  Marine  
  21  2:17  SCV  
  23  2:24  Refinery  
  23  2:29  SCV  
  24  2:36  Marine  
  25  2:47  SCV  
  26  2:54  Marine  
  27  2:59  SCV  
  27  3:03  Bunker  
  27  3:04  Factory Tech Lab  
  28  3:11  Barracks  
  28  3:12  Marine, Barracks  
  29  3:16  Starport  
  29  3:26  Orbital Command  
  29  3:29  SCV  
  30  3:44  SCV  
  30  3:45  Marine  
  32  3:56  SCV  
  32  4:02  SCV  
  34  4:08  SCV  
  35  4:11  Barracks Reactor  
  35  4:12  Starport Reactor  
  35  4:22  Engineering Bay  
  35  4:24  SCV x2  
  35  4:27  Supply Depot  
  35  4:28  Barracks Tech Lab  
  35  4:29  Barracks Reactor  
  37  4:35  Liberator x2  
  37  4:43  SCV x2  
  41  4:55  SCV x2, Stimpack  
  46  5:06  Supply Depot  
  46  5:07  SCV, Supply Depot x2  
  46  5:08  SCV  
  46  5:10  Missile Turret  
  48  5:14  Missile Turret  
  48  5:18  Marine x3  
  48  5:19  SCV, Marine x2  
  54  5:24  Supply Depot  
  54  5:28  SCV  
  55  5:32  SCV  
  59  5:43  SCV  
  59  5:44  SCV  
  59  5:47  Marine x3, Refinery  
  59  5:48  Marine x2  
  66  5:50  Refinery  
  66  5:55  SCV  
  66  5:56  SCV  
  68  6:07  SCV  
  68  6:10  SCV  
  68  6:11  Marine x5  
  75  6:19  SCV  
  75  6:25  SCV  
  77  6:28  Marine  
  77  6:31  SCV  
  79  6:34  Command Center  
  79  6:36  Medivac  
  79  6:37  Medivac, Barracks  
  79  6:38  Marine, Engineering Bay, Barracks  
  84  6:55  SCV x2  
  86  7:07  Supply Depot  
  86  7:12  Supply Depot  
  86  7:29  SCV x2, Marine x5  
  93  7:33  Missile Turret x2, Barracks Reactor x2  
  93  7:41  SCV x2  
  92  7:47  Marine x3  
  92  7:48  Marine x2  
  92  7:50  Medivac x2  
  101  7:53  SCV x2  
  103  8:04  Marine  
  104  8:05  SCV x2  
  104  8:08  Marine  
  104  8:09  Marine x3  
  110  8:17  SCV  
  108  8:27  Missile Turret x3, Barracks  
  108  8:31  Barracks x2  
  96  9:29  Marine x4  
  96  9:30  Marine x2  
  102  9:33  Planetary Fortress  
  102  9:37  Missile Turret  
  90  9:59  Terran Infantry Armor Level 1, Terran Infantry Weapons Level 1  
  90  10:01  Medivac x2  
  94  10:12  Marine x3  
  83  10:36  Factory, Medivac x2  
  83  10:37  Marine, Marauder  
  83  10:38  Marine x7  
  97  10:42  Factory  
  97  10:43  Barracks  
  97  10:47  Refinery x2  
  97  10:52  Barracks Tech Lab  
  97  10:55  Marine  
  97  10:56  Marine x7  
  105  10:59  Marauder  
  107  11:05  Command Center  
  104  11:13  Marine x3  
  104  11:14  Marine x5  
  98  11:20  Marauder  
  100  11:29  Marine  
  100  11:31  Marine  
  102  11:39  Command Center  
  102  11:44  Factory Tech Lab  
  102  12:08  Marine x5  
  102  12:17  Marine x3, Marauder x2  
  102  12:21  Factory Reactor  
  109  12:27  Widow Mine  
  109  12:29  Marine  
  112  12:30  Marine x4  
  112  12:33  Liberator  
  112  12:35  Marine  
  117  12:49  Siege Tank  
  117  12:51  Marauder x2  
  124  12:54  Sensor Tower  
  124  13:09  Siege Tank  
  124  13:11  Hellion  
  124  13:12  Marauder  
  131  13:14  Orbital Command  
  131  13:22  Armory  
  131  13:33  Orbital Command  
  131  13:48  Siege Tank  
  131  13:49  Marauder x2  
  74  14:07  Marine  
  74  14:10  Marauder x2  
  74  14:13  Marine  
  79  14:29  Medivac x2  
  81  14:32  Marauder x2  
  85  14:44  SCV x3  
  88  14:53  Marauder x2  
  88  14:54  Marine  
  88  14:56  SCV x2, Barracks Tech Lab x2  
  88  14:57  Marine  
Tags
 
Add a new tag
Caveats
  • Supply blocks, unpowered buildings, or Contaminate may cause inaccurate times.
  • Supply counts are checked every 10 seconds.